 Dungeon Sprint DCSS version 0.29.1-2-gbd0b4ee654 (webtiles) character file.

Game seed: 13999854114674492117

15580 Zeld the Executioner (level 12, -15/111 HPs)
             Began as a Minotaur Berserker on Oct 25, 2022.
             Was the Champion of Trog.
             Killed from afar by a fire giant (31 damage)
             ... with a bolt of fire
             ... in the Dungeon (Sprint I: "Red Sonja").
             The game lasted 00:07:08 (6123 turns).

Zeld the Executioner (Minotaur Berserker)           Turns: 6123, Time: 00:07:09

Health: -15/111    AC: 17    Str: 28    XL:     12   Next: 2%
Magic:  2/2        EV: 12    Int:  4    God:    Trog [******]
Gold:   6          SH:  0    Dex:  9    Spells: 11/11 levels left

rFire   . . .      SeeInvis +   a - +4 executioner's axe (antimagic)
rCold   . . .      Faith    .   (shield currently unavailable)
rNeg    . . .      Spirit   .   y - +0 plate armour {rPois}
rPois   +          Reflect  .   (helmet restricted)
rElec   .          Harm     .   (no cloak)
rCorr   .          Rampage  .   (no gloves)
Will    .....      Rage     9%  (no boots)
Stlth   .......... NoTele   +   (no amulet)
HPRegen 0.28/turn               k - ring of flight
MPRegen 0.08/turn               d - ring of see invisible

@: on berserk cooldown, flying, slowed, glowing, very slow
A: horns 2, retaliatory headbutt, berserk 2, frail 1, low MP 3, screaming 1,
subdued magic 1
a: Renounce Religion, Berserk, Trog's Hand, Brothers in Arms


You were in the Dungeon.
You worshipped Trog.
Trog was exalted by your worship.
You visited 1 branch You collected 1636 gold pieces.
You spent 1630 gold pieces at shops.

Inventory:

Hand Weapons
 a - a +4 antimagic executioner's axe (weapon)
 b - a +2 vorpal executioner's axe
Armour
 y - a +0 plate armour of poison resistance (worn)
Jewellery
 d - a ring of see invisible (right hand)
 k - a ring of flight (left hand)
Wands
 i - a wand of roots (8)
 n - a wand of flame (17)
Scrolls
 h - a scroll of blinking
 m - a scroll of magic mapping
 o - 2 scrolls of butterflies
 w - 2 scrolls of fear
Potions
 c - 3 potions of curing
 e - 2 potions of haste
 f - 2 potions of magic
 g - a potion of berserk rage
 p - a potion of resistance {unknown}
 r - a potion of flight {unknown}
 s - 3 potions of mutation
 t - 3 potions of heal wounds
 u - 2 potions of invisibility
 v - a potion of ambrosia
 x - 2 potions of might {unknown}


   Skills:
 + Level 16.8 Fighting
 * Level 22.8 Axes
 + Level 16.7 Armour
 + Level 15.4 Dodging


You had 11 spell levels left.
You didn't know any spells.
Your spell library was empty.

Dungeon Overview and Level Annotations

Branches:
Dungeon (1/1)

Altars:
Cheibriados
Dithmenos
Elyvilon
Fedhas
Gozag
Hepliaklqana
Kikubaaqudgha
Makhleb
Nemelex Xobeh
Okawaru
Qazlal
Ru
Sif Muna
Trog
Uskayaw
Vehumet
Wu Jian
Xom
Yredelemnul
Zin
The Shining One
Jiyva
Lugonu

Shops:
D *?[[(!*([(*[=[!:*=[[*


Innate Abilities, Weirdness & Mutations

You have a pair of horns on your head.
You reflexively headbutt those who attack you in melee.
You have an uncontrollable temper.
You are frail. (-10% HP)
Your magical capacity is extremely low. (-30% MP)
You occasionally shout uncontrollably at your foes.
Your spells are a little easier to cast, but a little less powerful.


Message History

You are too injured to fight recklessly!
You slash the fire giant!
The fire giant's magic leaks into the air.
The fire giant is lightly wounded.
The fire giant hits you with a +2 great sword of flaming!!
* * * LOW HITPOINT WARNING * * *
The fire giant burns you.
* * * LOW HITPOINT WARNING * * *
You slice the fire giant!!
The fire giant's magic leaks into the air.
You headbutt the fire giant.
The fire giant is moderately wounded.
Unknown command.
You cut the fire giant into ribbons!!!
The fire giant's magic leaks into the air.
You headbutt the fire giant.
You kill the fire giant!
Trog accepts your kill.
Trog appreciates your killing of a magic user.
Trog grants you a weapon! Something appears at your feet!
You see here a +1 battleaxe of flaming.
You hear a shout!
You have reached level 12!
You feel stronger.
You start resting.
You feel a strong urge to attack something.
You start resting.
You are no longer berserk.
You are exhausted.
You feel yourself slow down.
You start resting.
A fire giant comes into view.
It is wielding a +1 great sword of flaming.
A fire giant is nearby!
The daeva shouts!
The daeva calls down the wrath of the Shining One upon you.
The Shining One smites you!
* * * LOW HITPOINT WARNING * * *
The fire giant points at you and mumbles some strange words.
The bolt of fire hits you!!
You die...

')..#.=#§§..§§§§...+
#)..##'#§####.§§§.##
#...'..#.#(###§§§#####
#####))'.#'#$###'# !?##
#§§##'####..$#y#.##$$$#
§.§#..°..#°°$###..###$#
#.§#...○.'...$$##.#A#$#
##'###☼○.#.....#.§###$#
##)§§#°..###++##@##..$#
(###§#..## #..#+###
.∩##.#..# ##.).#
####§##'# ###)#
.§##.##(# #C# §§.§§####
#.# ####§# ####'#
...#)# #....# ..#§§#
#...####


You could see a daeva and a fire giant.

Vanquished Creatures
  A fire giant (D)
  A lorocyproca (D)
  2 centaur warriors (D)
  Sonja (D)
  A deep troll (D)
  A lindwurm (D)
  An oklob plant (D)
  8 shining eyes (D)
  A gargoyle (D)
  7 unseen horrors (D)
  2 kobold demonologists (D)
  4 demonic crawlers (D)
  A slime creature (D)
  A hornet (D)
  Sigmund (D)
  A yak (D)
  13 hogs (D)
  2 redbacks (D)
  6 floating eyes (D)
  An ogre (D)
  7 necrophages (D)
  8 jellies (D)
  Ijyb (D)
72 creatures vanquished.

Vanquished Creatures (others)
  2 ballistomycete spores (D)
2 creatures vanquished.

Grand Total: 74 creatures vanquished

Notes
Turn   | Place    | Note
-------+----------+-------------------------------------------
     0 | D        | Zeld the Minotaur Berserker began the quest for the Orb.
     0 | D        | Reached XP level 1. HP: 19/19 MP: 0/0
     2 | D        | Noticed Ijyb
     6 | D        | Killed Ijyb
     7 | D        | Reached skill level 5 in Axes
     7 | D        | Reached XP level 2. HP: 28/28 MP: 1/1
   214 | D        | Noticed an ogre
   217 | D        | Killed an ogre
   218 | D        | Reached skill level 7 in Axes
   218 | D        | Reached skill level 5 in Armour
   218 | D        | Reached XP level 3. HP: 37/37 MP: 2/2
   218 | D        | Reached XP level 4. HP: 44/44 MP: 3/3
   419 | D        | Noticed Sigmund
   429 | D        | Killed Sigmund
   429 | D        | Reached ** piety under Trog
   430 | D        | Reached skill level 10 in Axes
   430 | D        | Reached XP level 5. HP: 53/53 MP: 4/4
   430 | D        | Reached XP level 6. HP: 61/61 MP: 5/5
   525 | D        | Found an ornate altar of the Wu Jian Council.
   525 | D        | Found a shimmering blue altar of Sif Muna.
   529 | D        | Found a burning altar of Makhleb.
   529 | D        | Found a viscous altar of Jiyva.
   529 | D        | Found a shimmering altar of Xom.
   529 | D        | Found a corrupted altar of Lugonu.
   529 | D        | Noticed a slime creature
   533 | D        | Killed a slime creature
   534 | D        | Reached skill level 11 in Axes
   538 | D        | Found a radiant altar of Vehumet.
   784 | D        | Found Hihinotz's Armour Emporium.
   784 | D        | Found an ancient bone altar of Kikubaaqudgha.
   784 | D        | Found a hazy altar of Hepliaklqana.
   784 | D        | Found a hide-covered altar of Uskayaw.
   784 | D        | Found a basalt altar of Yredelemnul.
   784 | D        | Found an opulent altar of Gozag.
   784 | D        | Found a snail-covered altar of Cheibriados.
   784 | D        | Found a sacrificial altar of Ru.
   784 | D        | Found a shadowy altar of Dithmenos.
   784 | D        | Noticed a yak
   786 | D        | Found a stormy altar of Qazlal.
   786 | D        | Found a blossoming altar of Fedhas.
   786 | D        | Found a bloodstained altar of Trog.
   786 | D        | Found an iron altar of Okawaru.
   786 | D        | Found a glowing golden altar of the Shining One.
   786 | D        | Found a glowing silver altar of Zin.
   786 | D        | Found a white marble altar of Elyvilon.
   796 | D        | Killed a yak
   797 | D        | Reached skill level 12 in Axes
   797 | D        | Reached XP level 7. HP: 30/70 MP: 6/6
   798 | D        | Found a sparkling altar of Nemelex Xobeh.
  1084 | D        | Noticed a kobold demonologist
  1084 | D        | Noticed a kobold demonologist
  1085 | D        | Paralysed by a floating eye for 2 turns
  1090 | D        | Reached *** piety under Trog
  1093 | D        | Killed a kobold demonologist
  1094 | D        | Reached skill level 10 in Fighting
  1094 | D        | Reached skill level 13 in Axes
  1094 | D        | Reached XP level 8. HP: 79/79 MP: 7/7
  1095 | D        | Killed a kobold demonologist
  1095 | D        | Reached **** piety under Trog
  1096 | D        | Reached skill level 14 in Axes
  1096 | D        | Reached skill level 10 in Armour
  1278 | D        | Noticed Sonja
  1298 | D        | Killed Sonja
  1299 | D        | Reached skill level 15 in Axes
  1299 | D        | Reached skill level 10 in Dodging
  1898 | D        | Found Avuog's Assorted Antiques.
  1906 | D        | Bought a scroll labelled PONOYH CURAUHA for 25 gold pieces
  1906 | D        | Bought a scroll labelled AFAUNW TARIB for 25 gold pieces
  1906 | D        | Bought a short glass wand for 100 gold pieces
  1918 | D        | Noticed a deep troll
  1927 | D        | Killed a deep troll
  1928 | D        | Reached skill level 16 in Axes
  1928 | D        | Reached XP level 9. HP: 85/90 MP: 8/8
  1949 | D        | Found Hair's Armour Emporium.
  2040 | D        | Bought a +0 plate armour of poison resistance for 270 gold
                  | pieces
  2155 | D        | Noticed a centaur warrior
  2155 | D        | Noticed a centaur warrior
  2166 | D        | Killed a centaur warrior
  2171 | D        | Killed a centaur warrior
  2172 | D        | Reached skill level 17 in Axes
  2468 | D        | Reached ***** piety under Trog
  2621 | D        | Noticed an oklob plant
  2632 | D        | Killed an oklob plant
  2633 | D        | Reached XP level 10. HP: 53/101 MP: 9/9
  2935 | D        | Reached skill level 18 in Axes
  3076 | D        | Received a gift from Trog
  3138 | D        | HP: 5/151 [acid (7)]
  3589 | D        | Received a gift from Trog
  3992 | D        | Received a gift from Trog
  3999 | D        | Identified the +6 dire flail "Tathracs" {flame, Will+}
  4013 | D        | Found Aplu's Weapon Shoppe.
  4013 | D        | Found Saipp's General Store.
  4013 | D        | Found Dyunaqeu's Antique Armour Boutique.
  4015 | D        | Found Achojewa's Antique Weapon Emporium.
  4015 | D        | Found Qianoz's Assorted Antiques.
  4015 | D        | Found Torphuef's Armour Shoppe.
  4015 | D        | Found Axytt's Jewellery Boutique.
  4015 | D        | Found Qaxazaad's Armour Emporium.
  4015 | D        | Found Hopympon's Distillery.
  4015 | D        | Found Uqinolo's Book Shoppe.
  4017 | D        | Bought a scroll of identify for 20 gold pieces
  4019 | D        | Found Jatonoemna's General Store.
  4020 | D        | Found Juuloix's Antique Armour Emporium.
  4020 | D        | Found Xuburaat's Jewellery Boutique.
  4021 | D        | Bought a potion of curing for 63 gold pieces
  4021 | D        | Bought a scroll labelled DUDUETHRUWA for 21 gold pieces
  4021 | D        | Bought a red potion for 18 gold pieces
  4021 | D        | Bought a scroll of identify for 42 gold pieces
  4021 | D        | Bought a ruby potion for 18 gold pieces
  4021 | D        | Found Waek's General Store.
  4025 | D        | Bought a potion of mutation for 88 gold pieces
  4025 | D        | Bought a potion of heal wounds for 55 gold pieces
  4025 | D        | Bought a potion of mutation for 88 gold pieces
  4025 | D        | Bought a potion of invisibility for 88 gold pieces
  4025 | D        | Bought a potion of ambrosia for 88 gold pieces
  4025 | D        | Bought a potion of heal wounds for 55 gold pieces
  4025 | D        | Bought a potion of haste for 110 gold pieces
  4027 | D        | Bought a scroll of fear for 56 gold pieces
  4027 | D        | Bought a potion of invisibility for 112 gold pieces
  4030 | D        | Bought a potion of heal wounds for 55 gold pieces
  4030 | D        | Bought a scroll of fear for 44 gold pieces
  4078 | D        | Noticed a shining eye
  4078 | D        | Noticed a shining eye
  4078 | D        | Noticed a shining eye
  4078 | D        | Noticed a shining eye
  4078 | D        | Noticed a shining eye
  4078 | D        | Noticed a shining eye
  4078 | D        | Gained mutation: You occasionally shout uncontrollably at
                  | your foes. [a shining eye]
  4080 | D        | Reached skill level 19 in Axes
  4081 | D        | Noticed a shining eye
  4081 | D        | Noticed a shining eye
  4083 | D        | Paralysed by a floating eye for 4 turns
  4085 | D        | Gained mutation: Your magical capacity is low. (-10% MP) [a
                  | shining eye]
  4085 | D        | Gained mutation: You sometimes lose your temper in combat.
                  | [a shining eye]
  4086 | D        | Gained mutation: Your magical capacity is very low. (-20%
                  | MP) [a shining eye]
  4087 | D        | Gained mutation: You have an uncontrollable temper. [a
                  | shining eye]
  4087 | D        | Gained mutation: Your spells are a little easier to cast,
                  | but a little less powerful. [a shining eye]
  4088 | D        | Gained mutation: You are frail. (-10% HP) [a shining eye]
  4089 | D        | Killed a shining eye
  4089 | D        | Gained mutation: Your magical capacity is extremely low.
                  | (-30% MP) [a shining eye]
  4090 | D        | Killed a shining eye
  4090 | D        | Killed a shining eye
  4091 | D        | Killed a shining eye
  4091 | D        | Reached ****** piety under Trog
  4091 | D        | Killed a shining eye
  4092 | D        | Reached skill level 20 in Axes
  4092 | D        | Reached XP level 11. HP: 99/99 MP: 6/6
  4092 | D        | Killed a shining eye
  4093 | D        | Killed a shining eye
  4094 | D        | Reached skill level 15 in Fighting
  4094 | D        | Killed a shining eye
  4094 | D        | Received a gift from Trog
  4095 | D        | Reached skill level 15 in Armour
  4432 | D        | Found Zaliam's Magic Scroll Shoppe.
  4432 | D        | Found Zyneiw's Weapon Shop.
  4432 | D        | Found Balleses's Armour Emporium.
  4432 | D        | Found Vymueqegh's Distillery.
  4437 | D        | Bought a scroll of identify for 24 gold pieces
  4493 | D        | Reached skill level 21 in Axes
  4623 | D        | Killed a lorocyproca
  4623 | D        | Received a gift from Trog
  4728 | D        | Noticed a lindwurm
  4731 | D        | Killed a lindwurm
  4748 | D        | Received a gift from Trog
  4759 | D        | Reached skill level 22 in Axes
  4766 | D        | Received a gift from Trog
  5328 | D        | Bought a ring of see invisible for 165 gold pieces
  5385 | D        | Noticed a daeva
  5686 | D        | Reached skill level 15 in Dodging
  6102 | D        | Noticed a fire giant
  6117 | D        | Killed a fire giant
  6117 | D        | Received a gift from Trog
  6118 | D        | Reached XP level 12. HP: 37/111 MP: 2/7
  6122 | D        | Noticed a fire giant
  6123 | D        | Killed from afar by a fire giant

Illustrated notes

Levels and vault maps discovered:
D:        dungeon_sprint_1 [red_sonja_temple_1, red_sonja_temple_small_1]

Skill      XL: |  1  2  3  4  5  6  7  8  9 10 11 |
---------------+----------------------------------+-----
Fighting       | 4 6 7 9 10 11 13 14 16 | 16.8
Axes           | 5 7 10 12 13 16 17 20 22 | 22.8
Armour         | 3 5 7 8 9 11 12 14 16 | 16.7
Dodging        | 3 4 6 8 10 11 13 15 | 15.4

Action                   |  1- 3 |  4- 6 |  7- 9 | 10-12 || total
-------------------------+-------+-------+-------+-------++-------
Melee: Hand axe          |     5 |    21 |    61 |    65 ||   152
       Headbutt          |     3 |     7 |    10 |    31 ||    51
       Punch             |       |     1 |     1 |       ||     2
       Battleaxe         |       |       |       |    30 ||    30
       Executioner's axe |       |       |       |    43 ||    43
Invok: Berserk           |     2 |     2 |     4 |     5 ||    13
       Trog's Hand       |       |       |       |     1 ||     1
Evoke: Wand              |       |       |     1 |       ||     1
  Use: Potion            |       |       |     1 |     2 ||     3
       Scroll            |       |       |       |     6 ||     6
Armor: Plate armour      |       |       |    38 |    54 ||    92
Dodge: Dodged            |     1 |     7 |    21 |    51 ||    80
